 Dungeon Crawl Stone Soup version 0.29-a0-830-gcb1280458a (webtiles) character file.

Game seed: 15476053847922466913

1738 Zeld the Cleaver (level 8, -11/73 HPs)
             Began as a Minotaur Berserker on July 11, 2022.
             Was a Priest of Trog.
             Mangled by an ice beast (12 damage)
             ... on level 6 of the Dungeon.
             The game lasted 00:05:51 (4772 turns).

Zeld the Cleaver (Minotaur Berserker)               Turns: 4772, Time: 00:05:53

Health: -11/73     AC: 12    Str: 24    XL:     8   Next: 77%
Magic:  7/7        EV:  8    Int:  4    God:    Trog [***...]
Gold:   375        SH:  0    Dex: 10    Spells: 7/7 levels left

rFire   . . .      SeeInvis .   a - +2 hand axe (flame)
rCold   . . .      Faith    .   (no shield)
rNeg    . . .      Spirit   .   b - +0 plate armour
rPois   .          Reflect  .   (helmet restricted)
rElec   .          Harm     .   (no cloak)
rCorr   .          Rampage  .   (no gloves)
Will    ++...                   (no boots)
Stlth   ..........              o - amulet of regeneration
HPRegen 2.02/turn               (no ring)
MPRegen 0.10/turn               (no ring)

@: strong-willed, on berserk cooldown, regenerating, slowed, very slow
A: horns 2, retaliatory headbutt
a: Renounce Religion, Berserk, Trog's Hand


You were on level 6 of the Dungeon.
You worshipped Trog.
Trog was most pleased with you.
You visited 2 branches of the dungeon, and saw 7 of its levels.

You collected 375 gold pieces.

Inventory:

Hand Weapons
 a - a +2 hand axe of flaming (weapon)
Missiles
 m - 2 boomerangs
 n - 11 poisoned darts
 q - a curare-tipped dart
 r - 3 atropa-tipped darts
 u - a throwing net
Armour
 b - a +0 plate armour (worn)
Jewellery
 o - an amulet of regeneration (around neck)
Wands
 p - a wand of charming (7)
Scrolls
 e - 2 scrolls of blinking {unknown}
 f - a scroll of immolation {unknown}
 i - 2 scrolls of enchant weapon {unknown}
 j - a scroll of magic mapping {unknown}
 k - a scroll of teleportation {unknown}
 l - a scroll of summoning {unknown}
 w - a scroll of identify {unknown}
 x - a scroll of fog {unknown}
Potions
 c - 2 potions of attraction {unknown}
 d - 3 potions of brilliance {unknown}
 g - 2 potions of curing {unknown}
 h - a potion of might {unknown}
 s - a potion of magic {unknown}
 t - a potion of flight {unknown}
 v - a potion of lignification {unknown}


   Skills:
 + Level 7.0 Fighting
 * Level 9.3 Axes
 + Level 6.4 Armour
 + Level 5.8 Dodging


You had 7 spell levels left.
You didn't know any spells.
Your spell library was empty.

Dungeon Overview and Level Annotations

Branches:
Dungeon (6/15)             Temple (1/1) D:4

Altars:
Ashenzari
Cheibriados
Dithmenos
Elyvilon
Fedhas
Gozag
Hepliaklqana
Kikubaaqudgha
Makhleb
Okawaru
Uskayaw
Vehumet
Wu Jian
Xom
Yredelemnul
Zin


Innate Abilities, Weirdness & Mutations

You have a pair of horns on your head.
You reflexively headbutt those who attack you in melee.


Message History

You barely miss the gnoll. You headbutt the gnoll.
The gnoll is heavily wounded.
You feel sick.
You barely miss the gnoll. Your headbutt misses the gnoll.
The gnoll is heavily wounded.
You feel sick. The gnoll hits you with a +0 club.
* * * LOW HITPOINT WARNING * * *
You hit the gnoll. You burn the gnoll.
The gnoll is almost dead.
You feel sick.
You barely miss the gnoll.
The gnoll is almost dead.
You feel sick. The gnoll hits you but does no damage.
You hit the gnoll. You burn the gnoll.
You kill the gnoll!
Trog accepts your kill.
You feel sick.
You feel sick.
You feel a strong urge to attack something.
You feel sick.
You are too berserk!
You are no longer berserk.
You are exhausted.
You feel yourself slow down.
* * * LOW HITPOINT WARNING * * *
You feel sick.
Okay, then.
Your skin crawls.
You feel strong-willed.
You feel sick.
Okay, then.
You feel sick.
You completely miss the ice beast. You headbutt the ice beast.
The ice beast is lightly wounded.
You feel sick.
You are no longer poisoned.
The ice beast hits you.
* * * LOW HITPOINT WARNING * * *
The ice beast freezes you!
You die...

#.........# #.#.....#.#
#.........######
#.#............#
#.#.#)########.# ### #.#.#)#
#.# #.+ #.#.#.# #.# +#.#####
#.#.#.########.#### .....#.#
#.#.#.Y@......<...###
.....'.###...###.###.........#
.....#........)..# #.##.##.#.#
+#.#####.##..###.# # #.##.#.#
.#.'...+.##..# #... #†...#.#
####...####..##########..###.#
.#.......##..............# #.#
.#'#...#+##.############.###.#
...#...#.##.# #.............#


You could see an ice beast.

Vanquished Creatures
  A wyvern (D:6)
  A sky beast (D:6)
  4 ogres
  A centaur (D:5)
  A phantom (D:6)
  A kobold brigand (D:4)
  3 scorpions (D:5)
  A gnoll sergeant (D:6)
  A necrophage (D:5)
  A jelly (D:6)
  6 hounds
  2 orc priests (D:5)
  A gnoll bouda (D:5)
  2 orc wizards
  A mummy (D:5)
  11 gnolls
  9 adders
  A white imp (D:5)
  3 worms
  3 dart slugs
  11 orcs
  7 endoplasms
  3 giant cockroaches
  6 goblins
  5 hobgoblins
  10 kobolds
  4 quokkas
  4 ball pythons (D:1)
  3 bats
  4 frilled lizards
  2 hobgoblin zombies (D:5)
  A kobold zombie (D:5)
  An orc zombie (D:5)
  3 rats
  A spectral goblin (D:2)
119 creatures vanquished.

Notes
Turn   | Place    | Note
-------+----------+-------------------------------------------
     0 | D:1      | Zeld the Minotaur Berserker began the quest for the Orb.
     0 | D:1      | Reached XP level 1. HP: 19/19 MP: 0/0
   131 | D:1      | Reached XP level 2. HP: 26/27 MP: 1/1
   157 | D:1      | Reached skill level 4 in Axes
   434 | D:1      | Reached XP level 3. HP: 28/33 MP: 2/2
   480 | D:1      | Reached ** piety under Trog
   719 | D:2      | Found a shimmering altar of Xom.
   792 | D:2      | Found a faded altar of an unknown god.
  1293 | D:2      | Reached XP level 4. HP: 40/40 MP: 3/3
  1646 | D:3      | Reached skill level 5 in Axes
  1816 | D:3      | You fall into a shaft and drop 2 floors!
  1816 | D:5      | Entered Level 5 of the Dungeon
  1832 | D:5      | Found a basalt altar of Yredelemnul.
  1870 | D:4      | Reached XP level 5. HP: 41/47 MP: 4/4
  2788 | D:4      | Found a staircase to the Ecumenical Temple.
  2820 | Temple   | Entered the Ecumenical Temple
  2998 | D:4      | Reached skill level 5 in Fighting
  2998 | D:4      | Reached skill level 6 in Axes
  2998 | D:4      | Reached XP level 6. HP: 50/56 MP: 5/5
  3268 | D:4      | Found a hide-covered altar of Uskayaw.
  3587 | D:5      | Reached XP level 7. HP: 61/61 MP: 6/6
  3659 | D:5      | Reached skill level 7 in Axes
  3692 | D:5      | Reached skill level 5 in Armour
  4043 | D:5      | Reached *** piety under Trog
  4127 | D:5      | Reached XP level 8. HP: 34/70 MP: 7/7
  4177 | D:5      | Reached skill level 8 in Axes
  4319 | D:5      | Reached skill level 5 in Dodging
  4735 | D:6      | Found a white marble altar of Elyvilon.
  4741 | D:6      | Reached skill level 9 in Axes
  4763 | D:6      | HP: 4/109 [gnoll/+0 club[a gnoll sergeant] (5)]
  4768 | D:6      | HP: 2/109 [poisoned by a gnoll sergeant]
  4772 | D:6      | Mangled by an ice beast

Illustrated notes

Levels and vault maps discovered:
D:1:      lightli_arrival_chessboard, layout_rooms, minmay_tetromino_l2
D:2:      layout_basic, dreamdust_ecumenical_altar_drowned_temple, basic_altar
D:3:      layout_loops_ring, st_stairs_4, serial_bayou_pond_e,
          minmay_misc_feat_plants, serial_park_tiny_pond, grunt_ministairs_7,
          mrwooster_statue_mirror, hangedman_decor_peaks_small
D:4:      layout_basic, mainiacjoe_overflow_tiny_flanked,
          minmay_temple_entry_stoned_glass
D:5:      layout_basic, yredelemnul_altar_generic, minmay_strange_pillars,
          minmay_mini_ossuary
D:6:      nicolae_cairo_tiling_large, layout_loops_ring, elyvilon_altar_5
Temple:   nicolae_temple_god_jail

Skill      XL: |  1  2  3  4  5  6  7  8 |
---------------+-------------------------+-----
Axes           | 4 5 6 7 9 |  9.3
Fighting       | 4 5 6 7 |  7.0
Armour         | 3 4 5 6 |  6.4
Dodging        | 3 4 5 |  5.8

Action                   |  1- 3 |  4- 6 |  7- 9 || total
-------------------------+-------+-------+-------++-------
Melee: Hand axe          |    86 |   118 |   102 ||   306
       Headbutt          |    15 |    14 |    21 ||    50
       Punch             |     1 |       |       ||     1
Invok: Berserk           |       |     4 |     2 ||     6
       Trog's Hand       |       |       |     1 ||     1
Armor: Plate armour      |    48 |    87 |    53 ||   188
Dodge: Dodged            |    24 |    47 |    40 ||   111

Table legend: (Time is in decaauts)
 A = Elapsed time spent in this place.
 B = Non-inter-level travel time spent in this place.
 C = Inter-level travel time spent in this place.
 D = Time resting spent in this place.
 E = Time spent auto-exploring this place.
 F = Levels seen in this place.
 G = Mean time per level.
                   A        B        C        D        E       F      G
               +--------+--------+--------+--------+--------+-----+--------+
         Total |   4835 |   4688 |    147 |    277 |   3580 |   7 |  690.7 |
       Dungeon |   4656 |   4522 |    134 |    277 |   3425 |   6 |  776.0 |
        Temple |    178 |    165 |     13 |      0 |    154 |   1 |  178.0 |
               +--------+--------+--------+--------+--------+-----+--------+

Top non-repeatable levels by time:
     D:5: 1172 daAuts
     D:4: 939 daAuts
     D:3: 878 daAuts
     D:2: 828 daAuts
     D:1: 636 daAuts
     D:6: 201 daAuts
  Temple: 178 daAuts
